 Dungeon Crawl Stone Soup version 0.29.1-13-g9f3cf754e1 (webtiles) character file.

Game seed: 3562888650763336569

571 hbarley the Chopper (level 7, -1/60 HPs)
             Began as a Hill Orc Fighter on Jan 31, 2023.
             Was an Initiate of Elyvilon.
             Slain by a gnoll
             ... wielding a +0 spear
             ... led by a gnoll bouda
              (4 damage)
             ... on level 4 of the Dungeon.
             The game lasted 00:12:11 (3704 turns).

hbarley the Chopper (Hill Orc Fighter)              Turns: 3704, Time: 00:12:14

Health: -1/60      AC:  8    Str: 21    XL:     7   Next: 34%
Magic:  7/7        EV: 10    Int:  8    God:    Elyvilon [......]
Gold:   247        SH:  5    Dex: 16    Spells: 6/6 levels left

rFire   . . .      SeeInvis .   a - +0 war axe
rCold   . . .      Faith    .   c - +0 buckler
rNeg    . . .      Spirit   .   b - +0 scale mail
rPois   .          Reflect  .   (no helmet)
rElec   .          Harm     .   (no cloak)
rCorr   .          Rampage  .   y - +0 pair of gloves
Will    .....                   (no boots)
Stlth   ..........              (no amulet)
HPRegen 0.20/turn               e - +6 ring of dexterity
MPRegen 0.10/turn               (no ring)

@: mighty, hasted, very quick
A: no striking features
a: Renounce Religion


You were on level 4 of the Dungeon.
You worshipped Elyvilon.
Elyvilon was noncommittal.
You visited 2 branches of the dungeon, and saw 5 of its levels.
You also visited: Ossuary.

You collected 247 gold pieces.

Inventory:

Hand Weapons
 a - a +0 war axe (weapon)
Armour
 b - a +0 scale mail (worn)
 c - a +0 buckler (worn)
 y - a +0 pair of gloves (worn)
Magical Staves
 w - a staff of earth
Jewellery
 e - a +6 ring of dexterity (left hand)
Scrolls
 g - 2 scrolls of vulnerability {unknown}
 h - 2 scrolls of poison {unknown}
 j - a scroll of noise {unknown}
 l - 2 scrolls of butterflies {unknown}
 p - a scroll of enchant armour {unknown}
 r - 2 scrolls of amnesia {unknown}
 s - 3 scrolls of identify {unknown}
 t - a scroll of magic mapping {unknown}
 u - a scroll of fear {unknown}
 v - a scroll of teleportation {unknown}
 x - a scroll of acquirement {unknown}
Potions
 d - a potion of might
 f - 2 potions of brilliance {unknown}
 i - 2 potions of haste
 k - 2 potions of heal wounds {unknown}
 m - 2 potions of curing {unknown}
 n - 3 potions of flight {unknown}
 o - a potion of degeneration {unknown}
 q - a potion of ambrosia {unknown}
 z - 2 potions of mutation {unknown}
 A - a potion of attraction {unknown}


   Skills:
 + Level 4.9 Fighting
 + Level 7.7 Axes
 + Level 4.8 Armour
 + Level 1.1 Dodging
 + Level 4.0 Shields


You had 6 spell levels left.
You didn't know any spells.
Your spell library contained the following spells:

 Spells                   Type           Power      Damage    Failure   Level
 Ensorcelled Hibernation  Hex/Ice        0%         N/A       92%         2
 Dazzling Flash           Conj/Hex       0%         N/A       99%         3
 Spider Form              Tmut/Pois      0%         N/A       99%         3
 Anguish                  Hex/Necr       0%         N/A       100%        4
 Agony                    Necr           0%         N/A       100%        5
 Silence                  Hex/Air        0%         N/A       100%        5


Dungeon Overview and Level Annotations

Branches:
Dungeon (4/15)             Temple (1/1) D:4         Ossuary (visited)

Altars:
Ashenzari
Cheibriados
Dithmenos
Elyvilon
Fedhas
Gozag
Kikubaaqudgha
Makhleb
Nemelex Xobeh
Okawaru
Qazlal
Ru
Sif Muna
Uskayaw
Vehumet
Wu Jian
Xom
Yredelemnul
The Shining One


Message History

You block the gnoll's attack.
You feel yourself speed up. The gnoll bouda closely misses you.
The gnoll misses you.
The gnoll hits you from afar with a +0 spear!
You block the gnoll's attack.
You slash the gnoll!
The gnoll is severely wounded.
You barely miss the gnoll bouda. You hit the gnoll.
The gnoll bouda calls upon its god to heal the gnoll.
The gnoll's wounds heal themselves!
You block the gnoll's attack. The gnoll misses you.
You hit the gnoll.
The gnoll is severely wounded.
You hit the gnoll. You closely miss the gnoll bouda.
The gnoll hits you with a +0 flail. You block the gnoll bouda's attack.
The gnoll barely misses you.
The gnoll hits you from afar with a +0 spear!
* * * LOW HITPOINT WARNING * * *
You hit the gnoll.
You kill the gnoll!
You closely miss the gnoll. You closely miss the gnoll bouda.
You barely miss the gnoll bouda. You hit the gnoll.
Your attacks no longer feel as feeble.
The gnoll is no longer moving quickly.
The gnoll bouda hits you with a +0 whip.
* * * LOW HITPOINT WARNING * * *
The gnoll barely misses you.
The gnoll hits you from afar with a +0 spear.
* * * LOW HITPOINT WARNING * * *
You slash the gnoll!
You kill the gnoll!
You slash the gnoll bouda! You block the gnoll bouda's attack.
The gnoll hits you but does no damage.
You barely miss the iguana.
You hit the gnoll bouda but do no damage.
The gnoll bouda hits you with a +0 whip.
* * * LOW HITPOINT WARNING * * *
The iguana misses you.
The gnoll hits you from afar with a +0 spear.
You die...

##### #####....#
#........#
########.#.###...#
#[....l@.#...# .
..###.g).#...#
#.g###...####
#..#⌠..#+.#.⌠#
....#.........#
...#####........####
#.... #...........#
#...
+..._...+...#... #..
.#.......#...#...


You could see a gnoll bouda, an iguana and a gnoll.

Vanquished Creatures
  An elf zombie (Ossuary)
  A bullfrog (D:4)
  A centaur zombie (Ossuary)
  3 human zombies (Ossuary)
  A jelly (D:4)
  An iguana (D:4)
  2 mummies (Ossuary)
  5 gnolls
  8 adders
  An adder zombie (Ossuary)
  5 dart slugs
  8 endoplasms
  3 giant cockroaches
  7 goblins
  3 hobgoblins
  10 jackals
  3 quokkas
  7 ball pythons
  A bat (D:1)
  6 frilled lizards
  2 goblin zombies (Ossuary)
  8 hobgoblin zombies (Ossuary)
  6 kobolds
  11 kobold zombies (Ossuary)
  7 orc zombies (Ossuary)
  9 rats
  3 rat zombies (Ossuary)
123 creatures vanquished.

Notes
Turn   | Place    | Note
-------+----------+-------------------------------------------
     0 | D:1      | hbarley the Hill Orc Fighter began the quest for the Orb.
     0 | D:1      | Reached XP level 1. HP: 19/19 MP: 1/1
    68 | D:1      | Reached XP level 2. HP: 27/27 MP: 2/2
   198 | D:1      | Reached skill level 3 in Axes
   205 | D:1      | Reached XP level 3. HP: 22/33 MP: 3/3
   767 | D:2      | Identified the +1 robe of Gallantry {Rampage Int+4}
   805 | D:2      | Found a faded altar of an unknown god.
   841 | D:2      | Reached XP level 4. HP: 36/40 MP: 4/4
  1211 | D:2      | Reached skill level 4 in Axes
  1858 | D:3      | Reached XP level 5. HP: 41/46 MP: 5/5
  1866 | D:3      | Reached skill level 5 in Axes
  2401 | D:4      | Found a radiant altar of Vehumet.
  2404 | D:4      | Found an opulent altar of Gozag.
  2438 | D:4      | Reached XP level 6. HP: 46/53 MP: 6/6
  2588 | D:4      | Reached skill level 6 in Axes
  2863 | D:4      | Found a staircase to the Ecumenical Temple.
  2922 | D:4      | Found a sand-covered staircase.
  2926 | Ossuary  | Entered an ossuary
  3069 | Ossuary  | Reached skill level 1 in Dodging
  3072 | Ossuary  | Reached skill level 7 in Axes
  3079 | Ossuary  | Reached XP level 7. HP: 37/60 MP: 7/7
  3499 | Temple   | Entered the Ecumenical Temple
  3611 | Temple   | Became a worshipper of Elyvilon the Healer
  3666 | D:4      | Found a broken altar of Ashenzari.
  3704 | D:4      | HP: 3/60 [gnoll bouda/+0 whip (1)]
  3704 | D:4      | Slain by a gnoll

Illustrated notes

Levels and vault maps discovered:
D:1:      nzn_arrival_crosshair, layout_rooms, st_stairs_14
D:2:      layout_loops_ring, ebering_ecumenical_altar_webs, minmay_hexomino_u4
D:3:      layout_loops_ring
D:4:      kennysheep_big_flooded_room, layout_rooms, evilmike_ruin_ashenzari,
          nicolae_overflow_squiral, minmay_temple_entry_glassed_door,
          enter_ossuary_5
Temple:   lightli_temple_of_artemis

Skill      XL: |  1  2  3  4  5  6 |
---------------+-------------------+-----
Fighting       | 4 |  4.9
Axes           | 3 4 5 7 |  7.7
Armour         | 4 |  4.8
Dodging        | 1 |  1.1
Shields        | 4 |  4.0

Action                   |  1- 3 |  4- 6 |  7- 9 || total
-------------------------+-------+-------+-------++-------
Melee: War axe           |    77 |   176 |    29 ||   282
  Use: Potion            |       |     1 |     3 ||     4
Armor: Scale mail        |    52 |    84 |     8 ||   144
Dodge: Dodged            |    26 |    85 |    13 ||   124
Block: Buckler           |    18 |    51 |    11 ||    80
